 Dungeon Crawl Stone Soup version 0.18-a0-1800-gdc7a371 (webtiles) character file.

466 TheGoonsmith the Cutter (level 6, -3/30 HPs)
             Began as a Spriggan Artificer on Apr 25, 2016.
             Was an Initiate of Ashenzari.
             Killed themself with a badly aimed iceblast (18 damage)
             ... on level 3 of the Dungeon.
             The game lasted 00:29:15 (2174 turns).

TheGoonsmith the Cutter (Spriggan Artificer)        Turns: 2174, Time: 00:29:16

Health: -3/30      AC:  3    Str:  7    XL:     6   Next: 81%
Magic:  10/10      EV: 18    Int: 11    God:    Ashenzari [......]
Gold:   72         SH:  0    Dex: 18    Spells: 0 memorised, 5 levels left

rFire  . . .     SeeInvis +     i - +1 dagger (venom)
rCold  . . .     Gourm    .     b - +1 robe
rNeg   . . .     Faith    .     (shield restricted)
rPois  +         Spirit   .     (helmet restricted)
rElec  .         Dismiss  +     (no cloak)
rCorr  .         Reflect  .     (gloves unavailable)
SustAt .         Harm     .     (boots unavailable)
MR     +....                    l - amulet of dismissal
Stlth  +++.......               k - -3 ring of intelligence (curse)
                                n - ring of poison resistance

@: very quick, somewhat resistant to hostile enchantments, fairly stealthy
A: unfitting armour, see invisible, herbivore 3, speed 3, slow metabolism 2
a: Curse Item, Renounce Religion


You were on level 3 of the Dungeon.
You worshipped Ashenzari.
Ashenzari was noncommittal.
You were not hungry.

You visited 1 branch of the dungeon, and saw 3 of its levels.

You collected 72 gold pieces.

Inventory:

Hand Weapons
 a - a +0 short sword
 i - a +1 dagger of venom (weapon)
Armour
 b - a +1 robe (worn)
Jewellery
 k - a cursed -3 ring of intelligence (right hand)
 l - an amulet of dismissal (around neck)
 n - a ring of poison resistance (left hand)
 r - an uncursed ring of stealth
Wands
 c - a wand of flame (10/48)
 d - a wand of enslavement (15/24)
 e - a wand of random effects (4/48)
Potions
 g - a potion of berserk rage
 h - 3 potions of curing {unknown}
 j - a potion of lignification {unknown}
Comestibles
 f - 4 bread rations
 q - 3 fruits


   Skills:
 - Level 1.1 Fighting
 - Level 7.2 Short Blades
 - Level 3.0 Dodging
 - Level 4.0 Stealth
 + Level 4.0 Evocations


You had 5 spell levels left.
You didn't know any spells.

Dungeon Overview and Level Annotations

Branches:
Dungeon (3/15)

Altars:
Ashenzari

Annotations:
D:3 Arglure's ghost, weakling MfGl


Innate Abilities, Weirdness & Mutations

You are tiny and cannot use many weapons and most armour.
You have supernaturally acute eyesight.
You are a herbivore.
You cover ground extremely quickly.
You need consume almost no food.


Message History

Zapping:
e - a wand of random effects (6/48)
Press: ? - help, Shift-Dir - straight line, f/p - Arglure's ghost
Aim: Arglure's ghost (heavily damaged) Arglure's ghost flickers and vanishes for a moment.
This wand has 5 charges left.
Evoke which item? (* to show all) (? for menu, Esc to quit)
Zapping:
e - a wand of random effects (5/48)
Press: ? - help, Shift-Dir - straight line, f/p - Arglure's ghost
Aim: Arglure's ghost (heavily damaged, slightly transparent) Arglure's ghost looks slightly unstable.
This wand has 4 charges left.
Evoke which item? (* to show all) (? for menu, Esc to quit)
Zapping:
e - a wand of random effects (4/48)
Press: ? - help, Shift-Dir - straight line, f/p - Arglure's ghost
Aim: Arglure's ghost (heavily damaged, slightly transparent)
The mass of ice explodes!
The iceblast engulfs Arglure's ghost.
Arglure's ghost is severely damaged.
The iceblast engulfs you!
Ouch! That really hurt!
You die...

#...# ####.#.##.# #...#
#.#.##.###### #.>.#
#...........####
####...########.#.#####.....
...........# #.#.#####.....
.........#...##.#.##........
).......)..#.##.#.##.##.....
####...##### #.#....?......
####...# #.@##...##....
..##...# #.###W#........#
#......# #..............#
####...# #.........†......
........ ##.##..........#.
.#.#...# ............#..#
.....>.# ###.#.##..........
)#.....# # #. #..####.###
.#...... .. .... .#


You could see Arglure's ghost (invisible).

Vanquished Creatures
  Grinder (D:3)
  Sigmund (D:2)
  Terence (D:3)
  4 adders
  An ooze (D:2)
  A worm (D:2)
  3 dart slugs
  A giant gecko (D:2)
  2 orcs (D:3)
  A ball python (D:2)
  A giant cockroach (D:1)
  4 hobgoblins
  6 kobolds
  4 bats
  3 giant newts
  2 goblins (D:1)
  2 rats
38 creatures vanquished.

Vanquished Creatures (collateral kills)
  A bat (D:3)
1 creature vanquished.

Grand Total: 39 creatures vanquished

Notes
Turn   | Place    | Note
--------------------------------------------------------------
     0 | D:1      | TheGoonsmith the Spriggan Artificer began the quest for the Orb.
     0 | D:1      | Reached XP level 1. HP: 9/9 MP: 4/4
   516 | D:1      | Reached XP level 2. HP: 14/14 MP: 6/6
  1020 | D:2      | Reached skill level 1 in Fighting
  1136 | D:2      | Reached XP level 3. HP: 16/18 MP: 7/7
  1239 | D:2      | Reached skill level 2 in Short Blades
  1256 | D:2      | Noticed Sigmund
  1261 | D:2      | Killed Sigmund
  1261 | D:2      | Reached skill level 5 in Short Blades
  1261 | D:2      | Reached XP level 4. HP: 17/22 MP: 8/8
  1261 | D:2      | Reached XP level 5. HP: 19/25 MP: 9/9
  1839 | D:3      | Found a shattered altar of Ashenzari.
  1850 | D:3      | Became a worshipper of Ashenzari the Shackled
  1860 | D:3      | Noticed Terence
  1894 | D:3      | Killed Terence
  2131 | D:3      | Noticed Grinder
  2135 | D:3      | Reached XP level 6. HP: 30/30 MP: 10/10
  2152 | D:3      | Killed Grinder
  2152 | D:3      | Reached skill level 7 in Short Blades
  2166 | D:3      | Noticed Arglure's ghost (weakling MfGl)
  2174 | D:3      | Killed themself with a badly aimed iceblast

Vault maps used:
D:1:      dpeg_arrival_water_fire, serial_glass, glass_columns_a,
          glass_columns_a, glass_columns_b, glass_columns_a, glass_columns_a,
          glass_columns_b, minmay_statues_item, minmay_misc_feat_five,
          minmay_misc_feat_chi, kennysheep_another_room, st_stairs_3
D:2:      nicolae_underground_beach, uniq_sigmund
D:3:      lemuel_crystal_altar, first_bread, kennysheep_generic_room_14,
          uniq_grinder, uniq_terence

Skill      XL: |  1  2  3  4  5  6 |
---------------+-------------------+-----
Stealth        | 3 4 |  4.0
Fighting       | 1 |  1.1
Short Blades   | 5 7 |  7.2
Dodging        | |  3.0
Evocations     | |  4.0

Action                   |  1- 3 |  4- 6 || total
-------------------------+-------+-------++-------
Melee: Short sword       |    24 |       ||    24
       Dagger            |    61 |    71 ||   132
Evoke: Wand              |       |    16 ||    16
  Use: Scroll            |     6 |     1 ||     7
 Stab: Sleeping          |     3 |     1 ||     4
Armor: Robe              |    10 |     8 ||    18
Dodge: Dodged            |    69 |    42 ||   111
